 Dungeon Crawl Stone Soup version 0.14-a0-770-g009d3a2 (webtiles) character file.

2148 Malachi the Covered (level 9, -3/58 HPs)
             Began as a Formicid Fighter on Nov 9, 2013.
             Was a Priest of Makhleb.
             Slain by a chaos spawn (6 damage)
             ... on Level 1 of the Abyss.
             The game lasted 00:17:06 (8763 turns).

Malachi the Covered (Formicid Fighter)              Turns: 8763, Time: 00:17:06

HP  -3/58        AC 14     Str 25      XL: 9   Next: 38%
MP  13/13        EV  6     Int  7      God: Makhleb [***...]
Gold 248         SH 21     Dex 10      Spells:  0 memorised,  8 levels left

Res.Fire  : . . .   See Invis. : .   F - +1,+2 hammer (drain)
Res.Cold  : . . .   Warding    : .   o - +0 chain mail (curse)
Life Prot.: . . .   Conserve   : .   c - +0 shield
Res.Poison: x       Res.Corr.  : .   (helmet restricted)
Res.Elec. : .       Clarity    : .   f - +0 cloak
Sust.Abil.: . .     Spirit.Shd : .   (no gloves)
Res.Mut.  : .       Stasis     : +   E - +0 pair of boots
Res.Rott. : .       Flight     : .   (no amulet)
Saprovore : . . .                    (no ring)
                                     (no ring)

@: somewhat resistant to hostile enchantments, extremely unstealthy
A: permanent stasis, dig shafts and tunnels, four strong arms, poison weakness,
antennae 2, exoskeleton 1
a: Dig, Shaft Self, Minor Destruction, Lesser Servant of Makhleb, Renounce
Religion


You were on level 1 of the Abyss.
You worshipped Makhleb.
Makhleb was most pleased with you.
You were hungry.

You visited 1 branch of the dungeon, and saw 8 of its levels.
You visited the Abyss 1 time.

You collected 248 gold pieces.

Inventory:

Hand weapons
 a - a +0,+0 mace
 k - a +0,+0 mace
 B - a -1,+0 orcish flail
 F - a +1,+2 hammer of draining (weapon)
Missiles
 y - 3 javelins (quivered)
Armour
 c - a +0 shield (worn)
 f - a +0 cloak (worn)
 o - a cursed +0 chain mail (worn)
 E - a +0 pair of boots (worn)
Magical devices
 r - a wand of fire (8)
 A - a wand of teleportation (6)
 D - a wand of paralysis (8)
Comestibles
 b - 3 meat rations
 d - 7 bread rations
 p - an apple
Scrolls
 e - 3 scrolls of remove curse
 h - a scroll of magic mapping
 j - 2 scrolls of fear
 q - 7 scrolls of teleportation
 s - 2 scrolls of curse armour
 t - 6 scrolls of recharging {unknown}
 I - 3 scrolls of random uselessness
Potions
 i - 5 potions of curing
 m - 4 potions of heal wounds
 v - a potion of cure mutation
 w - a potion of mutation
 C - 2 potions of restore abilities
 H - a potion of agility
 J - a potion of flight
 N - 2 potions of magic


   Skills:
 + Level 4.6 Fighting
 * Level 6.1 Maces & Flails
 + Level 6.6 Armour
 + Level 4.9 Dodging
 - Level 0.3 Stealth
 + Level 5.7 Shields
 * Level 3.6 Invocations


You had 8 spell levels left.
You didn't know any spells.

Dungeon Overview and Level Annotations

Branches:
Dungeon (8/27)             Temple (0/1) D:6             Orc (0/4) D:6
   Lair: D:8-13

Altars:
Cheibriados
Elyvilon
Makhleb
Nemelex Xobeh
Sif Muna
Trog
Vehumet
Zin

Shops:
D:4 %

Annotations:
D:8 Psyche


Innate Abilities, Weirdness & Mutations

Your are under a permanent stasis effect.
You can dig through walls and to a lower floor.
Your four strong arms can wield any weapon, most with a shield.
You are susceptible to poison.
You have a pair of antennae on your head.
Your body is surrounded by an exoskeleton. (HP +5, AC +1)


Message History

You hit the chaos spawn.
The chaos spawn is severely wounded.
The chaos spawn hits you but does no damage.
You barely miss the chaos spawn.
The chaos spawn is severely wounded.
You block the chaos spawn's attack.
You hit the chaos spawn.
The chaos spawn is almost dead.
The chaos spawn gores you.
You are engulfed in flames!
One of your 4 scrolls of remove curse catches fire!
* * * LOW HITPOINT WARNING * * *
You are too injured to fight recklessly!
Use which ability? (? or * to list)
Press: ? - help, Shift-Dir - straight line, f - chaos spawn
Aim: a chaos spawn (almost dead)
The zap misses the chaos spawn.
You feel slightly more hungry. The chaos spawn hits you!
* * * LOW HITPOINT WARNING * * *
The chaos spawn freezes you!
You die...

. ##. #.......#
..#.##.##### ...
#.#.. ...## #
#........######.
.#.#.......∩...#
..
......##.###..
##.##..#)..(.# #
#3###..# #.# #@#
.# #..#...#
......#. ###.##
.. ## .## .# .#
.. #


You could see a chaos spawn.

Vanquished Creatures
  A wraith (D:7)
  A sky beast (D:5)
  A phantom (D:7)
  A small abomination (Abyss:1)
  4 ogres
  A giant frog (D:6)
  A gnoll sergeant (D:7)
  A centaur (D:7)
  3 crimson imps
  5 hounds
  A jelly (D:6)
  Crazy Yiuf (D:6)
  A giant frog skeleton (D:5)
  A gnoll shaman (D:6)
  2 orc wizards
  3 iguanas
  2 orc priests
  5 worker ants
  12 gnolls
  9 adders
  A goliath beetle zombie (D:5)
  2 worms
  A scorpion zombie (D:5)
  An iguana skeleton (D:6)
  A giant eyeball (D:7)
  3 giant geckos
  An ooze (D:1)
  19 orcs
  A ball python (D:5)
  16 bats
  18 goblins
  12 hobgoblins
  2 jackals (D:1)
  2 quokkas (D:5)
  4 giant cockroaches
  A giant gecko skeleton (D:5)
  4 giant newts
  A hobgoblin skeleton (D:4)
  19 kobolds
  10 rats
  A rat skeleton (D:6)
  2 fungi (D:6)
178 creatures vanquished.

Vanquished Creatures (others)
  A giant gecko (D:3)
1 creature vanquished.

Grand Total: 179 creatures vanquished

Notes
Turn   | Place    | Note
--------------------------------------------------------------
     0 | D:1      | Malachi, the Formicid Fighter, began the quest for the Orb.
     0 | D:1      | Reached XP level 1. HP: 19/19 MP: 0/0
   393 | D:1      | Reached XP level 2. HP: 24/24 MP: 1/1
   555 | D:1      | Reached XP level 3. HP: 29/29 MP: 2/2
   620 | D:1      | Reached skill level 4 in Armour
  1462 | D:2      | Reached XP level 4. HP: 22/33 MP: 3/3
  1649 | D:2      | Reached skill level 1 in Dodging
  2225 | D:2      | Found a snail-covered altar of Cheibriados.
  2225 | D:2      | Found a glowing silver altar of Zin.
  2226 | D:2      | Found a burning altar of Makhleb.
  2230 | D:2      | Found a deep blue altar of Sif Muna.
  2235 | D:2      | Became a worshipper of Makhleb the Destroyer
  2420 | D:2      | Reached XP level 5. HP: 26/38 MP: 4/4
  3095 | D:3      | Found a radiant altar of Vehumet.
  3505 | D:4      | Found a bloodstained altar of Trog.
  3610 | D:4      | Acquired Makhleb's first power
  3932 | D:4      | Found a sparkling altar of Nemelex Xobeh.
  4038 | D:4      | Found Zodum's Food Shop.
  4163 | D:5      | Entered Level 5 of the Dungeon
  4163 | D:5      | Noticed a sky beast
  4200 | D:5      | Killed a sky beast
  4200 | D:5      | Reached XP level 6. HP: 26/43 MP: 5/5
  4333 | D:5      | Reached skill level 5 in Armour
  4848 | D:5      | Found a white marble altar of Elyvilon.
  4902 | D:5      | Reached XP level 7. HP: 35/48 MP: 6/6
  5080 | D:5      | Acquired Makhleb's second power
  5233 | D:5      | Noticed an ogre
  5247 | D:5      | Killed an ogre
  5498 | D:5      | Gained mutation: You have a pair of antennae on your head. [level up]
  5498 | D:5      | Reached XP level 8. HP: 36/53 MP: 7/7
  6123 | D:6      | Reached skill level 5 in Maces & Flails
  6245 | D:6      | Reached skill level 1 in Invocations
  6455 | D:6      | Found a staircase to the Orcish Mines.
  6796 | D:6      | Found a staircase to the Ecumenical Temple.
  6817 | D:6      | Reached skill level 6 in Armour
  6977 | D:6      | Noticed Crazy Yiuf
  6991 | D:6      | Killed Crazy Yiuf
  7082 | D:6      | Acquired Makhleb's third power
  7523 | D:7      | Reached XP level 9. HP: 23/57 MP: 12/12
  7830 | D:7      | Reached skill level 5 in Shields
  8499 | D:8      | Noticed Psyche
  8510 | D:8      | Cast into the Abyss (Psyche)
  8763 | Abyss:1  | Slain by a chaos spawn

Action                   |  1- 3 |  4- 6 |  7- 9 || total
-------------------------+-------+-------+-------++-------
Melee: Mace              |   141 |   322 |   261 ||   724
       Hammer            |       |       |   194 ||   194
       Flail             |       |       |     2 ||     2
Invok: Minor Destruction |       |       |    28 ||    28
 Abil: Dig               |     1 |       |       ||     1
Evoke: Wand              |       |     1 |     5 ||     6
  Use: Scroll            |       |       |    23 ||    23
       Potion            |       |       |     1 ||     1
